 Dungeon Sprint DCSS version 0.26-a0-639-g72c4674329 (webtiles) character file.

Game seed: 799190509784830519

622 Hipnos the Covert (level 7, 0/55 HPs)
             Began as a Naga Enchanter on Sept 16, 2020.
             Was a High Priest of Jiyva.
             Slain by a deep troll (7 damage)
             ... in the Dungeon (Sprint I: "Red Sonja").
             The game lasted 00:04:44 (614 turns).

Hipnos the Covert (Naga Enchanter)                   Turns: 614, Time: 00:04:46

Health: 0/55       AC:  3    Str: 11    XL:     7   Next: 46%
Magic:  15/15      EV: 11    Int: 16    God:    Jiyva [*****.]
Gold:   187        SH:  0    Dex: 12    Spells: 11/17 levels left

rFire    . . .     SeeInvis +   a - +1 dagger
rCold    . . .     Faith    .   (no shield)
rNeg     . . .     Spirit   .   b - +0 robe
rPois    +         Reflect  .   (no helmet)
rElec    .         Harm     .   (no cloak)
rCorr    +         Rampage  .   (no gloves)
MR       .....     NoTele   +   (no barding)
Stlth    +++++.....             (no amulet)
HPRegen  0.18/turn              (no ring)
MPRegen  0.14/turn              (no ring)

@: slowed, very slow
A: large, see invisible, deformed body, poison resistance, slowness 2, spit
poison 1, AC +2
a: Spit Poison, Request Jelly, Slimify, Cure Bad Mutation, Renounce Religion


You were in the Dungeon.
You worshipped Jiyva.
Jiyva was extremely pleased with you.
You visited 1 branch You collected 297 gold pieces.
You spent 110 gold pieces at shops.

Inventory:

Hand Weapons
 a - a +1 dagger (weapon)
Armour
 b - a +0 robe (worn)
 h - a +0 leather armour
Scrolls
 e - a scroll of remove curse {unknown}
 i - a scroll of blinking
Potions
 c - a potion of flight {unknown}
 f - a potion of haste
 g - 2 potions of magic
 j - 2 potions of heal wounds


   Skills:
 + Level 0.1 Fighting
 + Level 5.7 Short Blades
 + Level 3.8 Dodging
 + Level 13.3 Stealth
 + Level 5.8 Spellcasting
 + Level 9.4 Hexes
 + Level 2.4 Ice Magic


You had 11 spell levels left.
You knew the following spells:

 Your Spells              Type           Power        Failure   Level
a - Corona                Hex            #####..      1%          1
b - Ensorcelled Hibernat  Hex/Ice        ###...       1%          2
c - Confusing Touch       Hex            #####...     1%          3

Your spell library contained the following spells:

 Spells                   Type           Power        Failure   Level
 Tukima's Dance           Hex            #####...     1%          3
 Dazzling Flash           Conj/Hex       ###...       6%          3


Dungeon Overview and Level Annotations

Branches:
Dungeon (1/1)

Altars:
Cheibriados
Dithmenos
Elyvilon
Fedhas
Gozag
Hepliaklqana
Kikubaaqudgha
Makhleb
Nemelex Xobeh
Okawaru
Qazlal
Ru
Sif Muna
Trog
Uskayaw
Vehumet
Wu Jian
Xom
Yredelemnul
Zin
The Shining One
Jiyva
Lugonu

Shops:
D !

Annotations:
D Sonja


Innate Abilities, Weirdness & Mutations

You cannot wear boots.
Your serpentine skin is tough. (AC +2)
You have supernaturally acute eyesight. (SInv)
Armour fits poorly on your strangely shaped body.
Your system is resistant to poisons. (rPois)
You cover ground very slowly.
You can spit poison.


Message History

You feel better.
Sonja zaps a wand.
The mass of ice explodes!
The iceblast engulfs you!
The shining eye gazes at Sonja.
Sonja twists and deforms.
Okay, then.
Casting: Ensorcelled Hibernation (safe; 1% risk of failure)
Confirm with . or Enter, or press ? or * to list all spells.
Press: ? - help, Shift-Dir - straight line, f - deep troll, p - Sonja
Aim: a deep troll (chance to defeat MR: 35%)
The deep troll easily resists.
You have got your breath back.
The shining eye is no longer moving slowly.
Sonja mumbles some strange words.
Sonja blinks!
You hear a distant slurping noise.
You feel a little less hungry.
You feel your power returning.
You feel better. The deep troll bites you!!
* * * LOW HITPOINT WARNING * * *
The deep troll closely misses you. The deep troll claws you!
You die...

#..####..#...#.####
#..#__####..##.#
#..#_____##'#_.+
#⌠⌠#_.∩...(..._#
####_..__##G.#'#
#_____###G#[#
#########K####'##
GG...........$$
..####.@T######
##.## #+#


You could see a deep troll, Sonja (poisoned, misshapen), 3 neutral shining eyes
(fellow slime) and a neutral floating eye (wandering) (fellow slime).

Vanquished Creatures
  A slime creature (D)
  Sigmund (D)
  A yak (D)
  An ogre (D)
  A jelly (D)
  Ijyb (D)
6 creatures vanquished.

Vanquished Creatures (others)
  2 floating eyes (D)
  4 necrophages (D)
  8 jellies (D)
14 creatures vanquished.

Grand Total: 20 creatures vanquished

Notes
Turn   | Place    | Note
-------+----------+-------------------------------------------
     0 | D        | Hipnos the Naga Enchanter began the quest for the Orb.
     0 | D        | Reached XP level 1. HP: 15/15 MP: 3/3
     1 | D        | Noticed Ijyb
    11 | D        | Killed Ijyb
    11 | D        | Reached skill level 6 in Stealth
    11 | D        | Reached XP level 2. HP: 12/22 MP: 3/5
    11 | D        | Reached XP level 3. HP: 16/28 MP: 4/7
   199 | D        | Learned a level 2 spell: Ensorcelled Hibernation
   203 | D        | Learned a level 3 spell: Confusing Touch
   203 | D        | Noticed an ogre
   208 | D        | Killed an ogre
   208 | D        | Reached skill level 8 in Stealth
   208 | D        | Reached XP level 4. HP: 23/36 MP: 7/9
   309 | D        | Noticed Sigmund
   315 | D        | Killed Sigmund
   315 | D        | Reached skill level 5 in Short Blades
   315 | D        | Reached skill level 10 in Stealth
   315 | D        | Reached skill level 1 in Ice Magic
   315 | D        | Reached XP level 5. HP: 29/42 MP: 3/11
   315 | D        | Reached XP level 6. HP: 34/49 MP: 3/12
   421 | D        | Found an ornate altar of the Wu Jian Council.
   421 | D        | Found a shimmering blue altar of Sif Muna.
   423 | D        | Found a radiant altar of Vehumet.
   456 | D        | Found a burning altar of Makhleb.
   456 | D        | Found a viscous altar of Jiyva.
   456 | D        | Found a shimmering altar of Xom.
   456 | D        | Found a corrupted altar of Lugonu.
   456 | D        | Noticed a slime creature
   459 | D        | Killed a slime creature
   459 | D        | Reached skill level 12 in Stealth
   459 | D        | Reached skill level 5 in Spellcasting
   459 | D        | Reached XP level 7. HP: 55/55 MP: 13/15
   460 | D        | Became a worshipper of Jiyva Jebail the Shapeless
   468 | D        | Reached * piety under Jiyva
   469 | D        | Found Kojoih's Distillery.
   469 | D        | Found an ancient bone altar of Kikubaaqudgha.
   469 | D        | Found a hazy altar of Hepliaklqana.
   469 | D        | Found a stormy altar of Qazlal.
   469 | D        | Found a hide-covered altar of Uskayaw.
   469 | D        | Found a blossoming altar of Fedhas.
   469 | D        | Found a bloodstained altar of Trog.
   469 | D        | Found an iron altar of Okawaru.
   469 | D        | Found a basalt altar of Yredelemnul.
   469 | D        | Found a glowing golden altar of the Shining One.
   469 | D        | Found a snail-covered altar of Cheibriados.
   469 | D        | Found a sacrificial altar of Ru.
   469 | D        | Found a glowing silver altar of Zin.
   469 | D        | Found a shadowy altar of Dithmenos.
   469 | D        | Found a white marble altar of Elyvilon.
   469 | D        | Noticed a yak
   470 | D        | Found an opulent altar of Gozag.
   470 | D        | Reached ** piety under Jiyva
   475 | D        | Killed a yak
   475 | D        | Reached skill level 13 in Stealth
   476 | D        | Found a sparkling altar of Nemelex Xobeh.
   480 | D        | Bought a potion of heal wounds for 55 gold pieces
   480 | D        | Bought a potion of heal wounds for 55 gold pieces
   601 | D        | Noticed Sonja
   601 | D        | Reached *** piety under Jiyva
   603 | D        | Noticed a shining eye
   604 | D        | Gained mutation: You are resistant to hostile enchantments.
                  | (MR+) [Jiyva's grace]
   610 | D        | Noticed a shining eye
   611 | D        | Noticed a deep troll
   611 | D        | Reached **** piety under Jiyva
   611 | D        | Gained mutation: You possess an exceptional clarity of
                  | mind. [Jiyva's grace]
   612 | D        | Lost mutation: You possess an exceptional clarity of mind.
                  | [Jiyva's grace]
   612 | D        | Reached ***** piety under Jiyva
   612 | D        | Lost mutation: You are resistant to hostile enchantments.
                  | (MR+) [Jiyva's grace]
   612 | D        | Noticed a shining eye
   614 | D        | Slain by a deep troll

Illustrated notes

Levels and vault maps discovered:
D:        dungeon_sprint_1 [red_sonja_temple_1, red_sonja_temple_small_1]

Skill      XL: |  1  2  3  4  5  6  7 |
---------------+----------------------+-----
Short Blades   | 2 4 5 |  5.7
Dodging        | 2 3 |  3.8
Stealth        | 6 8 10 12 13 | 13.3
Hexes          | 4 6 7 9 |  9.4
Spellcasting   | 3 4 5 |  5.8
Ice Magic      | 1 2 |  2.4
Fighting       | |  0.1

Action                   |  1- 3 |  4- 6 |  7- 9 || total
-------------------------+-------+-------+-------++-------
Melee: Dagger            |     9 |     3 |     2 ||    14
 Cast: Ensorcelled Hiber |       |     3 |     3 ||     6
 Abil: Spit Poison       |     1 |     2 |     3 ||     6
  Use: Potion            |     2 |       |     1 ||     3
 Stab: Sleeping          |     1 |     3 |     1 ||     5
Dodge: Dodged            |     1 |       |     1 ||     2

Table legend: (Time is in decaauts)
 A = Elapsed time spent in this place.
 B = Non-inter-level travel time spent in this place.
 C = Inter-level travel time spent in this place.
 D = Time resting spent in this place.
 E = Time spent auto-exploring this place.
 F = Levels seen in this place.
 G = Mean time per level.
                   A        B        C        D        E       F      G
               +--------+--------+--------+--------+--------+-----+--------+
         Total |    658 |    658 |      0 |    488 |      0 |   1 |  658.0 |
       Dungeon |    658 |    658 |      0 |    488 |      0 |   1 |  658.0 |
               +--------+--------+--------+--------+--------+-----+--------+

Top non-repeatable levels by time:
       D: 658 daAuts
